 Dungeon Crawl Stone Soup version 0.28.0 (webtiles) character file.

Game seed: 4836432846579313293

21 HallandMoats the Skirmisher (level 2, 27/27 HPs)
             Began as a Ghoul Monk on Feb 12, 2022.
             Was a Priest of Lugonu.
             Safely got out of the dungeon.
             The game lasted 00:00:58 (677 turns).

HallandMoats the Skirmisher (Ghoul Monk)             Turns: 677, Time: 00:00:58

Health: 27/27      AC:  5    Str: 14    XL:     2   Next: 87%
Magic:  1/1        EV: 11    Int:  5    God:    Lugonu [***...]
Gold:   61         SH:  0    Dex: 11    Spells: 1/1 levels left

rFire   . . .      SeeInvis .     - Unarmed
rCold   + . .      Faith    .   (no shield)
rNeg    + + +      Spirit   .   c - +0 ring mail
rPois   ∞          Reflect  .   (no helmet)
rElec   .          Harm     .   (no cloak)
rCorr   .          Rampage  .   (no gloves)
Will    .....                   (no boots)
Stlth   +.........              (no amulet)
HPRegen 0.09/turn               (no ring)
MPRegen 0.07/turn               (no ring)

@: no status effects
A: claws 1, cold resistance 1, negative energy resistance 3, inhibited
regeneration, torment resistance 2
a: Renounce Religion, Depart the Abyss, Bend Space, Banish


You escaped.
You worshipped Lugonu.
Lugonu was most pleased with you.
You visited 1 branch of the dungeon, and saw 1 of its levels.

You collected 61 gold pieces.

Inventory:

Armour
 c - a +0 ring mail (worn)
Scrolls
 a - a scroll of identify {unknown}
 b - a scroll of noise {unknown}


   Skills:
 * Level 3.7 Fighting
 + Level 0.4 Armour
 + Level 2.8 Dodging
 - Level 2.1 Stealth
 * Level 3.6 Unarmed Combat
 + Level 0.4 Invocations


You had one spell level left.
You didn't know any spells.
Your spell library was empty.

Dungeon Overview and Level Annotations

Branches:
Dungeon (1/15)

Altars:
Lugonu


Innate Abilities, Weirdness & Mutations

You thrive by killing the living.
You are immune to poison.
You have sharp fingernails.
Your flesh is cold resistant. (rC+)
You are immune to negative energy. (rN+++)
You do not regenerate when monsters are visible.
You are immune to unholy pain and torment.


Message History

A nearby plant withers and dies.
There is a faded altar of an unknown god here.
You scratch the plant.
The plant begins to die.
The plant is lightly damaged.
You scratch the plant. You claw the plant.
The plant is lightly damaged.
You scratch the plant.
The plant is lightly damaged.
You claw the plant!
The plant is lightly damaged.
You scratch the plant but do no damage.
The plant is lightly damaged.
A nearby plant withers and dies.
You scratch the plant.
The plant begins to die.
You claw the plant.
The plant is lightly damaged.
You scratch the plant but do no damage.
The plant is lightly damaged.
You scratch the plant.
The plant is lightly damaged.
You scratch the plant.
The plant is lightly damaged.
A nearby plant withers and dies.
Unknown command.
There is a faded altar of an unknown god here.
You cannot tell which god this altar belongs to.
Convert to them anyway?
Lugonu accepts your prayer! Lugonu welcomes you!
You can now depart the Abyss.
You can now bend space around yourself.
You can now banish your foes.
(D) Dungeon
Where to? (Enter - D:1 @ (x,y), ? - help)
What level of the Dungeon? (default 1, ? - help)
You see here a rat corpse.
You see here a quokka corpse.
You enter the shallow water.
Moving in this stuff is going to be slow.
There is a large open door here.
There is a staircase leading out of the dungeon here.
Are you sure you want to leave the Dungeon?
This will make you lose the game!
You have escaped!

#.# #.#
#.###.## #.#
#.# #......#
#.# #.#
###......###
#.#####.#
#≈§≈§≈≈§≈≈≈#
#.....#.#
#≈8≈≈≈≈≈≈8≈#
#####.#
#≈≈8≈≈≈≈8≈§#
#.#
#§≈≈#''#≈§≈#
#.#.#
#≈≈≈#..#≈§≈#
#.#.#
#≈§≈#@.#≈≈≈#
#†#.#
#§≈≈####≈≈§..
#.#.#
#≈≈8≈≈≈≈8≈≈#.
#.#.#
#≈8≈≈≈≈§§8≈#
#.#.#
#≈≈≈≈≈≈§≈≈≈#
######.#.#
###########..
.........# #
##......†##
##........#
.#


There were no monsters in sight!

Vanquished Creatures
  2 dart slugs (D:1)
  An endoplasm (D:1)
  2 giant cockroaches (D:1)
  A hobgoblin (D:1)
  2 jackals (D:1)
  A kobold (D:1)
  2 quokkas (D:1)
  A ball python (D:1)
  2 frilled lizards (D:1)
  2 rats (D:1)
16 creatures vanquished.

Vanquished Creatures (others)
  3 plants (D:1)
3 creatures vanquished.

Grand Total: 19 creatures vanquished

Notes
Turn   | Place    | Note
-------+----------+-------------------------------------------
     0 | D:1      | HallandMoats the Ghoul Monk began the quest for the Orb.
     0 | D:1      | Reached XP level 1. HP: 19/19 MP: 0/0
   217 | D:1      | Reached XP level 2. HP: 22/26 MP: 1/1
   555 | D:1      | Found a faded altar of an unknown god.
   609 | D:1      | Prayed at the altar of an unknown god.
   609 | D:1      | Became a worshipper of Lugonu the Unformed
   609 | D:1      | Reached * piety under Lugonu
   609 | D:1      | Reached ** piety under Lugonu
   609 | D:1      | Reached *** piety under Lugonu
   677 | D:$      | Safely got out of the dungeon.

Illustrated notes

Levels and vault maps discovered:
D:1:      lightli_arrival_boilingwater, layout_loops_ring,
          shapermc_ecumenical_altar_mp_urbaneastern

Action                   || total
-------------------------++-------
Melee: Unarmed           ||    52
       Punch             ||     3
 Stab: Sleeping          ||     1
Armor: Robe              ||     1
       Ring mail         ||     7
Dodge: Dodged            ||    19
